 Dungeon Crawl Stone Soup version 0.19.5 (webtiles) character file.

60 QuCean the Poker (level 4, -1/34 HPs)
             Began as a Merfolk Gladiator on May 8, 2017.
             Slain by Turtleman12345's ghost (5 damage)
             ... on level 3 of the Dungeon.
             The game lasted 00:09:24 (1887 turns).

QuCean the Poker (Merfolk Gladiator)                Turns: 1887, Time: 00:09:25

Health: -1/34      AC:  4    Str: 16    XL:     4   Next: 4%
Magic:  4/4        EV: 14    Int:  7    God:
Gold:   137        SH:  0    Dex: 14    Spells: 0 memorised, 3 levels left

rFire  . . .     SeeInvis .     a - +0 trident
rCold  . . .     Gourm    +     b - +0 leather armour
rNeg   . . .     Faith    .     (no shield)
rPois  .         Spirit   .     x - +0 helmet
rElec  .         Reflect  .     (no cloak)
rCorr  .         Harm     .     (no gloves)
MR     .....                    (no boots)
Stlth  +.........               i - amulet of the gourmand
                                (no ring)
                                (no ring)

@: no status effects
A: change form in water, swift swim, stealthy swim
a: no special abilities


You were on level 3 of the Dungeon.
You were full.

You visited 1 branch of the dungeon, and saw 3 of its levels.

You collected 137 gold pieces.

Inventory:

Hand Weapons
 a - a +0 trident (weapon)
 k - a +2 short sword of flaming
Missiles
 d - 3 throwing nets (quivered)
Armour
 b - a +0 leather armour (worn)
 x - a +0 helmet (worn)
Jewellery
 i - an amulet of the gourmand (around neck)
Scrolls
 j - a scroll of recharging
 l - a scroll of magic mapping
 o - a scroll of remove curse {unknown}
 p - a scroll of random uselessness {unknown}
 q - a scroll of fear {unknown}
 s - a scroll of fog {unknown}
 u - a scroll of teleportation {unknown}
 w - a scroll of enchant armour {unknown}
Potions
 e - a potion of heal wounds {unknown}
 g - a potion of degeneration {unknown}
 h - 3 potions of curing {unknown}
 r - 2 potions of cancellation {unknown}
Books
 m - a book of Minor Magic

   Spells                             Type                      Level
   a - Magic Dart                     Conjuration                  1
   b - Blink                          Translocation                2
   c - Call Imp                       Summoning                    2
   d - Repel Missiles                 Charms/Air                   2
   e - Slow                           Hexes                        2
   f - Conjure Flame                  Conjuration/Fire             3
   g - Mephitic Cloud                 Conjuration/Poison/Air       3
Comestibles
 f - 3 bread rations
 n - 6 chunks of flesh
 t - a royal jelly
 v - a meat ration


   Skills:
 + Level 2.5 Fighting
 + Level 5.4 Polearms
 + Level 2.0 Throwing
 + Level 1.0 Armour
 + Level 4.7 Dodging


You had 3 spell levels left.
You didn't know any spells.

Dungeon Overview and Level Annotations

Branches:
Dungeon (3/15)

Altars:
Gozag
Qazlal
Ru

Annotations:
D:3 Turtleman12345's ghost, amateur DENe


Message History

Pain shoots through your body!
* * * LOW HITPOINT WARNING * * *
You hit Turtleman12345's ghost but do no damage.
Turtleman12345's ghost is moderately damaged.
Turtleman12345's ghost closely misses you.
You hit Turtleman12345's ghost.
Turtleman12345's ghost is heavily damaged.
Turtleman12345's ghost points at you and mumbles some strange words.
You barely resist. You hit Turtleman12345's ghost.
Turtleman12345's ghost is severely damaged.
Turtleman12345's ghost hits you.
* * * LOW HITPOINT WARNING * * *
You hit Turtleman12345's ghost but do no damage.
Turtleman12345's ghost is severely damaged.
Turtleman12345's ghost completely misses you.
You closely miss Turtleman12345's ghost.
Turtleman12345's ghost is severely damaged.
Turtleman12345's ghost hits you.
You die...

..... #.# #.##...# #.#
#.##...# ..#
#.##...##.## #.#
#.##.......# #.#
#.##..###..# #.#
#.##..# ..#
#.###.###.##..###..#
#....@W..[..รท......##
#####................
#................
#########.#.....#
#.#.##.## #.#.# ##
#.#.# #.#.# #.#.#


You could see Turtleman12345's ghost.

Vanquished Creatures
  An adder (D:2)
  4 worms
  A leopard gecko (D:1)
  An orc (D:3)
  A giant cockroach (D:2)
  6 hobgoblins
  5 kobolds
  6 bats
  5 frilled lizards
  2 goblins
  6 rats
38 creatures vanquished.

Notes
Turn   | Place    | Note
-------+----------+-------------------------------------------
     0 | D:1      | QuCean the Merfolk Gladiator began the quest for the Orb.
     0 | D:1      | Reached XP level 1. HP: 16/16 MP: 1/1
   225 | D:1      | Reached XP level 2. HP: 20/22 MP: 2/2
   739 | D:2      | Reached skill level 5 in Polearms
   868 | D:2      | Reached XP level 3. HP: 26/28 MP: 3/3
  1492 | D:3      | Found a stormy altar of Qazlal.
  1499 | D:3      | Found an opulent altar of Gozag.
  1502 | D:3      | Found a sacrificial altar of Ru.
  1528 | D:3      | Reached skill level 1 in Armour
  1760 | D:3      | Reached XP level 4. HP: 33/34 MP: 4/4
  1871 | D:3      | Noticed Turtleman12345's ghost (amateur DENe)
  1887 | D:3      | Slain by Turtleman12345's ghost

Skill      XL: |  1  2  3 |
---------------+----------+-----
Polearms       | 5 |  5.4
Armour         | 1 |  1.0
Fighting       | |  2.5
Throwing       | |  2.0
Dodging        | |  4.7

Action                   |  1- 3 |  4- 6 || total
-------------------------+-------+-------++-------
Melee: Trident           |   123 |    17 ||   140
       Tailslap          |     2 |       ||     2
  Use: Scroll            |     2 |       ||     2
  Eat: Chunk             |    11 |       ||    11
Armor: Leather armour    |    40 |     5 ||    45
Dodge: Dodged            |   159 |    14 ||   173
